AoeStats
← ObscureMorgoth7

Arena

505194492Analyzed
2v2 RM · 25d ago on Sep 8, 2026· 46m 37s· 4 players
Game mode
Random Map
Map size
Medium (4 player)
Population
200
Speed
Normal
Resources
Standard
Victory
Conquest
Starting age
Dark Age
Ending age
Imperial Age
RankedLock teamsTeams togetherTeam positionsShared explorationLock speedFull tech treeHidden civsTurbo modeCheats
Victory
Defeat
🇩🇪 Bohemians · Germany
1013
+13
🇪🇸 Italians · Spain
1006
+13
🇲🇽 Saracens · Mexico
946
-36
🇲🇽 Mongols · Mexico
946
-36
silvap.javier
11:03 Feudal Age
9:19 Loom
15:07 Castle Age
13:48 Double-Bit Axe
14:00 Stone Mining
14:02 Gold Mining
16:33 Wheelbarrow
17:26 Town Watch
20:28 Horse Collar
23:55 Fletching
28:16 Imperial Age
26:11 Murder Holes
26:37 Ballistics
27:23 Stone Shaft Mining
27:24 Padded Archer Armor
27:44 Masonry
27:16 Treadmill Crane
30:20 Chemistry
33:10 Hand Cart
33:35 Silk Road
33:36 Conscription
36:43 Bow Saw
37:07 Forging
36:57 Scale Mail Armor
37:14 Leather Archer Armor
36:55 Bodkin Arrow
37:10 Elite Genoese Crossbowman
38:51 Squires
38:37 Arson
40:42 Elite Skirmisher
42:41 Bombard Tower
42:12 Heated Shot
43:01 Iron Casting
42:42 Chain Mail Armor
42:27 Bracer
42:58 Ring Archer Armor
Swarm
12:00 Feudal Age
12:43 Double-Bit Axe
15:45 Castle Age
13:28 Horse Collar
16:52 Bow Saw
16:45 Heavy Plow
20:11 Loom
24:43 Wheelbarrow
29:02 Imperial Age
26:48 Hand Cart
27:57 Chemistry
27:41 Fervor
27:49 Scale Mail Armor
29:12 Sanctity
28:17 Pikeman
28:58 Squires
29:59 Chain Mail Armor
30:10 Town Watch
31:30 Two-Man Saw
29:58 Halberdier
31:44 Conscription
31:45 Town Patrol
32:04 Masonry
33:24 Plate Mail Armor
33:05 Forging
32:48 Fletching
33:58 Bodkin Arrow
34:12 Wagenburg Tactics
34:19 Houfnice
37:02 Iron Casting
36:28 Bracer
39:27 Blast Furnace
38:59 Siege Engineers
42:53 Treadmill Crane
43:44 Architecture
43:35 Ballistics
45:40 Guard Tower
45:36 Arrowslits
45:47 Murder Holes
ObscureMorgoth7
10:45 Feudal Age
12:48 Double-Bit Axe
15:30 Castle Age
13:28 Horse Collar
17:29 Bow Saw
18:37 Loom
21:07 Town Watch
22:53 Gold Mining
23:26 Stone Mining
24:38 Wheelbarrow
25:56 Hand Cart
29:07 Imperial Age
27:48 Fletching
28:42 Gold Shaft Mining
28:56 Bloodlines
28:47 Husbandry
30:10 Heavy Plow
30:13 Bodkin Arrow
30:48 Padded Archer Armor
32:09 Conscription
31:53 Bracer
32:09 Leather Archer Armor
32:34 Forging
32:47 Thumb Ring
33:09 Scale Barding Armor
34:08 Ballistics
34:50 Chemistry
34:23 Nomads
35:02 Town Patrol
35:32 Fortified Wall
34:59 Elite Mangudai
36:27 Stone Shaft Mining
36:35 Iron Casting
35:49 Light Cavalry
36:52 Chain Barding Armor
38:21 Blast Furnace
37:36 Hussar
38:56 Hoardings
41:47 Caravan
42:48 Drill
Osukay
10:42 Feudal Age
14:03 Loom
17:29 Castle Age
17:38 Forging
17:33 Double-Bit Axe
19:05 Gold Mining
20:30 Horse Collar
22:12 Iron Casting
26:13 Bow Saw
34:47 Imperial Age
34:07 Scale Barding Armor
35:39 Wheelbarrow
36:32 Conscription
36:03 Elite Mameluke
36:49 Town Watch
Connection lost

Rejoining the realm…

Still unreachable

The connection could not be restored.

Session expired

The server has moved on; the page needs a fresh start.